 Dungeon Crawl Stone Soup version 0.31-a0-152-g6aa68a64a1 (webtiles) character file.

Game seed: 11306317064338596364

71 qw the Shooter (level 4, 0/40 HPs)
             Began as a Naga Hunter on June 10, 2023.
             Slain by a hobgoblin (1 damage)
             ... on level 2 of the Dungeon.
             The game lasted 00:00:25 (1052 turns).

qw the Shooter (Naga Hunter)                        Turns: 1052, Time: 00:00:25

Health: 0/40       AC:  2    Str: 14    XL:     4   Next: 24%
Magic:  4/4        EV:  9    Int:  9    God:
Gold:   39         SH:  0    Dex: 16    Spells: 3/3 levels left

rFire   . . .        Y - +0 shortbow
rCold   . . .        (shield currently unavailable)
rNeg    . . .        c - +0 leather armour
rPois   +            (no helmet)
rElec   .            (no cloak)
rCorr   .            (no gloves)
SInv    +            (no barding)
Will    .....        (no amulet)
Stlth   ++           (no ring)
HPRegen 0.26/turn    (no ring)
MPRegen 0.09/turn

%: no passive effects
@: short of breath, very slow
A: AC +1, large, see invisible, deformed body, poison resistance, slowness 2,
spit poison 1, naga tail 1
a: Spit Poison


You were on level 2 of the Dungeon.
You visited 1 branch of the dungeon, and saw 2 of its levels.

You collected 39 gold pieces.


Innate Abilities, Weirdness & Mutations

Your serpentine skin is tough. (AC +1)
You have supernaturally acute eyesight. (SInv)
Armour fits poorly on your strangely shaped body.
Your system is resistant to poisons. (rPois)
You cover ground very slowly.
You can spit poison.
You have a snake-like lower body.


   Skills:
 + Level 2.4 Fighting
 - Level 5.0 Ranged Weapons
 - Level 1.5 Dodging
 - Level 1.5 Stealth


You had 3 spell levels left.
You didn't know any spells.
Your spell library was empty.

Inventory:

Hand Weapons
 Y - a +0 shortbow (weapon)
Armour
 c - a +0 leather armour (worn)
Scrolls
 a - a scroll of immolation {unknown}
 d - a scroll of noise {unknown}
 h - 2 scrolls of identify
Potions
 b - a potion of ambrosia {unknown}
 e - a potion of degeneration {unknown}
 f - 2 potions of curing {unknown}

Dungeon Overview and Level Annotations

Branches:
Dungeon (2/15)

Altars:


Message History

The hobgoblin completely misses you. The goblin hits you with a +0 club. x2
You shoot an arrow. The arrow hits the goblin!
You kill the goblin!
You have got your breath back.
The hobgoblin closely misses you. The goblin hits you with a +0 club.
1046 ||| INVOKING Spit Poison.
Aiming: Spit Poison (1% risk of failure)
Press: ? - help, Shift-Dir - straight line, f - hobgoblin The splash of poison hits the hobgoblin but does no damage.
The hobgoblin is poisoned.
The goblin unwields a +0 club.
The goblin wields a +0 sling.
The goblin shoots a sling bullet.
The sling bullet barely misses you. The goblin hits you with a +0 club.
You shoot an arrow. The arrow barely misses the hobgoblin.
The hobgoblin hits you. x2; The goblin hits you with a +0 club.
The goblin hits you but does no damage. The hobgoblin barely misses you. x2
You shoot an arrow.
The arrow hits the hobgoblin but does no damage.
The hobgoblin is moderately wounded.
The goblin hits you but does no damage. The hobgoblin hits you.
The hobgoblin barely misses you.
You shoot an arrow.
The arrow completely misses the hobgoblin.
You have got your breath back.
The hobgoblin looks more healthy.
The hobgoblin hits you. x2
The goblin hits you with a +0 club.
1050 ||| INVOKING Spit Poison.
Aiming: Spit Poison (1% risk of failure)
Press: ? - help, Shift-Dir - straight line, f/p - hobgoblin The splash of poison hits the hobgoblin.
You kill the hobgoblin!
The goblin hits you with a +0 club.
The goblin shoots a sling bullet.
The sling bullet hits you.
You shoot an arrow. The arrow hits the hobgoblin.
You kill the hobgoblin!
The goblin hits you with a +0 club.
You shoot an arrow. The arrow hits the hobgoblin.
The hobgoblin is moderately wounded.
The goblin hits you with a +0 club. The hobgoblin hits you.
You die...

##. #.. #. .# ~
#.# .# .##
~~~~#.# # .. ..
.~~~#.##. # .#.#
# ~~~~#.#.. ##+
###...# '##
~~.~#.#.#
#...#g##.###...#
...##.#.#
+..gg@.'........
......#.##
#..%#)##.#......
......#..####'
###.........
...........#.
#..........~
...#.#####.##
##..##......~
.#.#.#
#..###...#
#.....~ ##.#.#
#......#.#
#....~ ##.#.#
#........# #...~
.....#
##.....### #'#~


You could see a hobgoblin and 2 goblins.

Vanquished Creatures
  Terence (D:2)
  A worm (D:2)
  An orc (D:2)
  6 bats
  An endoplasm (D:2)
  2 giant cockroaches (D:1)
  6 hobgoblins
  8 jackals (D:2)
  A kobold (D:1)
  4 ball pythons (D:1)
  A frilled lizard (D:1)
  4 goblins
  3 rats
39 creatures vanquished.

Notes
Turn   | Place    | Note
-------+----------+-------------------------------------------
     0 | D:1      | qw the Naga Hunter began the quest for the Orb.
     0 | D:1      | Reached XP level 1. HP: 19/19 MP: 1/1
     0 | D:1      | 0 ||| qw: Version: 0.2-a-122-gbc61b45
     0 | D:1      | 0 ||| qw: Game counter: 3596
     0 | D:1      | 0 ||| qw: Always use a shield: true
     0 | D:1      | 0 ||| qw: God list: Okawaru
     0 | D:1      | 0 ||| qw: Allow faded altars: false
     0 | D:1      | 0 ||| qw: Do Orc after D:15 true
     0 | D:1      | 0 ||| qw: Do second Lair branch before Depths: true
     0 | D:1      | 0 ||| qw: Lair rune preference: random
     0 | D:1      | 0 ||| qw: Plans: Normal
     0 | D:1      | 0 ||| PLANNING D:1-11
    19 | D:1      | 19 ||| INVOKING Spit Poison.
    38 | D:1      | 38 ||| INVOKING Spit Poison.
    67 | D:1      | 67 ||| INVOKING Spit Poison.
    99 | D:1      | 99 ||| INVOKING Spit Poison.
   147 | D:1      | 147 ||| INVOKING Spit Poison.
   152 | D:1      | 152 ||| INVOKING Spit Poison.
   153 | D:1      | Reached skill level 4 in Ranged Weapons
   153 | D:1      | Reached XP level 2. HP: 26/26 MP: 2/2
   171 | D:1      | 171 ||| INVOKING Spit Poison.
   266 | D:1      | 266 ||| INVOKING Spit Poison.
   302 | D:1      | 302 ||| INVOKING Spit Poison.
   303 | D:1      | 303 ||| INVOKING Spit Poison.
   333 | D:1      | 333 ||| INVOKING Spit Poison.
   344 | D:1      | 344 ||| INVOKING Spit Poison.
   356 | D:1      | 356 ||| INVOKING Spit Poison.
   383 | D:1      | 383 ||| INVOKING Spit Poison.
   623 | D:1      | 623 ||| READING scroll labelled FIBYIL SUTISAM.
   624 | D:1      | 624 ||| READING scroll labelled SYLIEV WOEVI.
   625 | D:1      | 625 ||| READING 2 scrolls labelled POOKUC YTWASOSK.
   626 | D:1      | 626 ||| READING scroll labelled XUPSAPP HITEAT.
   627 | D:1      | 627 ||| DROPPING scroll of butterflies.
   644 | D:2      | 644 ||| INVOKING Spit Poison.
   665 | D:2      | 665 ||| INVOKING Spit Poison.
   693 | D:2      | Noticed Terence
   696 | D:2      | 696 ||| INVOKING Spit Poison.
   700 | D:2      | 700 ||| INVOKING Spit Poison.
   701 | D:2      | Killed Terence
   702 | D:2      | Reached XP level 3. HP: 16/32 MP: 3/3
   869 | D:2      | 869 ||| INVOKING Spit Poison.
   873 | D:2      | 873 ||| INVOKING Spit Poison.
   882 | D:2      | 882 ||| INVOKING Spit Poison.
   886 | D:2      | 886 ||| INVOKING Spit Poison.
   930 | D:2      | 930 ||| INVOKING Spit Poison.
   938 | D:2      | 938 ||| INVOKING Spit Poison.
   942 | D:2      | 942 ||| INVOKING Spit Poison.
   944 | D:2      | Reached skill level 5 in Ranged Weapons
   969 | D:2      | 969 ||| INVOKING Spit Poison.
   970 | D:2      | Reached XP level 4. HP: 39/39 MP: 4/4
  1019 | D:2      | 1019 ||| INVOKING Spit Poison.
  1025 | D:2      | 1025 ||| INVOKING Spit Poison.
  1035 | D:2      | 1035 ||| INVOKING Spit Poison.
  1041 | D:2      | 1041 ||| INVOKING Spit Poison.
  1046 | D:2      | 1046 ||| INVOKING Spit Poison.
  1049 | D:2      | HP: 10/40 [hobgoblin (2)]
  1050 | D:2      | 1050 ||| INVOKING Spit Poison.
  1050 | D:2      | HP: 4/40 [goblin/sling bullet (3)]
  1052 | D:2      | HP: 1/40 [goblin/+0 club (1)]
  1052 | D:2      | Slain by a hobgoblin

Levels and vault maps discovered:
D:1:      minmay_arrival_cross, layout_loops_ring
D:2:      cheibrodos_greedy_goblins, layout_loops_corners, serial_rivers,
          chequers_serial_rivers_micro_c, chequers_serial_rivers_micro_d,
          chequers_serial_rivers_large_a, chequers_serial_rivers_micro_e,
          shapermc_ecumenical_altar_flowoftime, uniq_terence

Skill      XL: |  1  2  3 |
---------------+----------+-----
Ranged Weapons | 4 5 |  5.0
Fighting       | |  2.4
Dodging        | |  1.5
Stealth        | |  1.5

Action                     |  1- 3 |  4- 6 || total
---------------------------+-------+-------++-------
   Fire: Shortbow          |    47 |    21 ||    68
Ability: Spit Poison       |    25 |     6 ||    31
    Use: Scroll            |     4 |       ||     4
 Armour: Leather armour    |     2 |     3 ||     5
  Dodge: Dodged            |     3 |    13 ||    16

Table legend:
 A = Non-vault XP
 B = Vault XP
 C = Vault XP percentage of total XP
 D = Non-vault monster count
 E = Vault monster count
 F = Vault count percentage of total count
                 A         B        C        D         E       F
            +---------+---------+-------+---------+---------+-------
      Total |      58 |      44 |  43.1 |      32 |       7 |  17.9
            +---------+---------+-------+---------+---------+-------
        D:1 |      25 |       0 |   0.0 |      17 |       0 |   0.0
        D:2 |      33 |      44 |  57.1 |      15 |       7 |  31.8
            +---------+---------+-------+---------+---------+-------
